 Dungeon Crawl Stone Soup version 0.30-a0-777-ga9a30cbeda (webtiles) character file.

Game seed: 16176880786965108472

2 Esekla the Sneak (level 1, -10/11 HPs)
             Began as a Vine Stalker Delver on Feb 13, 2023.
             Was an Initiate of Vehumet.
             Killed by divine providence
             ... invoked by an orc priest
              (14 damage)
             ... on level 5 of the Dungeon.
             The game lasted 00:01:39 (91 turns).

Esekla the Sneak (Vine Stalker Delver)                Turns: 91, Time: 00:01:39

Health: -10/11     AC:  3    Str: 14    XL:     1   Next: 30%
Magic:  0/2        EV: 11    Int: 10    God:    Vehumet [......]
Gold:   0          SH:  0    Dex: 15    Spells: 0/0 levels left

rFire   . . .      SeeInvis .    a - +0 falchion
rCold   . . .      Faith    .    (no shield)
rNeg    . . .      Spirit   +    b - +0 leather armour
rPois   .          Reflect  .    (no helmet)
rElec   .          Harm     .    (no cloak)
rCorr   .          Rampage  .    (no gloves)
Will    .....                    (no boots)
Stlth   +++                      (no amulet)
HPRegen 0.21/turn                (no ring)
MPRegen 0.08/turn                (no ring)

@: hasted, very quick
A: fangs 2, magic shield, antimagic bite, no potion heal 2
a: Renounce Religion


You were on level 5 of the Dungeon.
You worshipped Vehumet.
Vehumet was noncommittal.
You visited 2 branches of the dungeon, and saw 2 of its levels.

Inventory:

Hand Weapons
 a - a +0 falchion (weapon)
Armour
 b - a +0 leather armour (worn)
Wands
 g - a wand of digging (3)
Scrolls
 c - a scroll of fog
 h - a scroll of blinking {unknown}


   Skills:
 * Level 2.7 Fighting
 * Level 1.8 Long Blades
 + Level 1.5 Dodging
 + Level 6.0 Stealth


You couldn't memorise any spells.
You didn't know any spells.
Your spell library was empty.

Dungeon Overview and Level Annotations

Branches:
Dungeon (5/15)             Temple (1/1) D:5

Altars:
Ashenzari
Cheibriados
Elyvilon
Fedhas
Gozag
Qazlal
Ru
Vehumet
Xom
Yredelemnul


Innate Abilities, Weirdness & Mutations

You have extremely sharp teeth.
When hurt, damage is shared between your health and your magic reserves.
Your bite disrupts and absorbs the magic of your enemies.
Potions cannot restore your health.


Message History

You hear a bellow!
You hear a shout!
There is a staircase to the Ecumenical Temple here.
You climb downwards.
Welcome to the Ecumenical Temple!
Found a basalt altar of Yredelemnul.
There is a staircase back to the Dungeon here.
Found a broken altar of Ashenzari and a snail-covered altar of Cheibriados.
Found a stormy altar of Qazlal.
Found a sacrificial altar of Ru and a shimmering altar of Xom.
There is a stormy altar of Qazlal here.
Found a white marble altar of Elyvilon.
There is a fountain of clear blue water here.
There is a white marble altar of Elyvilon here.
Found an opulent altar of Gozag.
There is an opulent altar of Gozag here.
Found a blossoming altar of Fedhas.
Found a radiant altar of Vehumet.
There is a fountain of clear blue water here.
There is a radiant altar of Vehumet here.
You kneel at the altar of Vehumet.
Vehumet welcomes you!
(D) Dungeon (T) Temple
Where to? (? - help)
There is a staircase back to the Dungeon here.
You climb upwards.
You hear the sound of rushing water.
There is an entrance to a sewer on this level.
Hurry and find it before the portal rusts away!
You hear the slow rusting of a drain nearby.
The yak bellows!
There is a staircase to the Ecumenical Temple here.
Okay, then.
You feel yourself speed up. The yak gores you!
Ouch! That really hurt!
* * * LOW HITPOINT WARNING * * *
The orc priest closely misses you.
A yak comes into view.
Found a stone staircase leading up.
The orc priest mumbles some strange prayers to Beogh against you.
Beogh smites you!
Ouch! That really hurt!
You die...

*#####.##### ##.......#
,*####.#####* #..?§§...#
,,,.........###...§§§..#
*,*###.####......Y.o...#
#,**##.######[##.o.....#
#.####.######.##Y#######
#.####.#####..##Y#
#.##.#..##...###.#******
**** *,*#....>..###
#@#*,,,,* *,,,
....######## #.#*,**,*
*,** ...,* #.#,,,,,***
*,,, ).,,* #..,,,*,,,*
***, .,,,* #..,,,*,*,*
*****, ,,,,* #..<,,,,,,*
*,,,,, ,,,,*
**#.##,,,,*** *,****
,,,,* *,...,,*,**** *,*
,,,,* *,,,,*,*,,,,***,*


You could see 3 yaks and an orc priest.

Vanquished Creatures
  An orc (D:5)
1 creature vanquished.

Notes
Turn   | Place    | Note
-------+----------+-------------------------------------------
     0 | D:5      | Esekla the Vine Stalker Delver began the quest for the Orb.
     0 | D:5      | Reached XP level 1. HP: 11/11 MP: 2/2
    13 | D:5      | Found a staircase to the Ecumenical Temple.
    14 | D:5      | Noticed an orc priest
    14 | D:5      | Noticed a yak
    23 | D:5      | Noticed a yak
    24 | D:5      | Noticed a yak
    24 | D:5      | Noticed a yak
    31 | Temple   | Entered the Ecumenical Temple
    72 | Temple   | Became a worshipper of Vehumet
    87 | D:5      | Noticed a yak
    91 | D:5      | Killed from afar by an orc priest

Illustrated notes

Levels and vault maps discovered:
D:5:      layout_basic, minmay_temple_entry_purple_smoke, serial_shops, shop,
          portal_sewer_entry_d, reono_crystal_passage
Temple:   eino_wide_crystal_templ

Action                     || total
---------------------------++-------
  Melee: Falchion          ||     2
         Bite              ||     1
    Use: Scroll            ||     2
         Potion            ||     1
  Dodge: Dodged            ||     3

Table legend: (Time is in decaauts)
 A = Elapsed time spent in this place.
 B = Non-inter-level travel time spent in this place.
 C = Inter-level travel time spent in this place.
 D = Time resting spent in this place.
 E = Time spent auto-exploring this place.
 F = Levels seen in this place.
 G = Mean time per level.
                   A        B        C        D        E       F      G
               +--------+--------+--------+--------+--------+-----+--------+
         Total |     90 |     79 |     11 |      0 |     27 |   2 |   45.0 |
       Dungeon |     37 |     37 |      0 |      0 |      0 |   1 |   37.0 |
        Temple |     52 |     41 |     11 |      0 |     27 |   1 |   52.0 |
               +--------+--------+--------+--------+--------+-----+--------+

Top non-repeatable levels by time:
  Temple: 52 daAuts
     D:5: 37 daAuts
